 Dungeon Crawl Stone Soup version 0.26-b1-32-g5d43845318 (webtiles) character file.

Game seed: 13183376632913068354

51 Borgoz the Cudgeller (level 3, -8/22 HPs)
             Began as a Gargoyle Gladiator on Jan 11, 2021.
             Splashed by Ijyb's acid (15 damage)
             ... on level 3 of the Dungeon.
             The game lasted 00:01:04 (1290 turns).

Borgoz the Cudgeller (Gargoyle Gladiator)           Turns: 1290, Time: 00:01:04

Health: -8/22      AC:  6    Str: 17    XL:     3   Next: 81%
Magic:  3/3        EV: 10    Int:  8    God:
Gold:   55         SH:  0    Dex: 12    Spells: 2/2 levels left

rFire    + . .     SeeInvis .   a - +0 flail
rCold    . . .     Faith    .   (no shield)
rNeg     + . .     Spirit   .   j - +0 scale mail {rF+}
rPois    ∞         Reflect  .   c - +0 helmet
rElec    +         Harm     .   (no cloak)
rCorr    .         Rampage  .   (no gloves)
Will     .....                  (no boots)
Stlth    ..........             (no amulet)
HPRegen  0.07/turn              (no ring)
MPRegen  0.08/turn              (no ring)

@: corroded
A: negative energy resistance 1, electricity resistance, unbreathing,
petrification resistance, miasma immunity, AC +3
a: no special abilities


You were on level 3 of the Dungeon.
You visited 1 branch of the dungeon, and saw 3 of its levels.

You collected 55 gold pieces.

Inventory:

Hand Weapons
 a - a +0 flail (weapon)
Missiles
 d - 3 throwing nets (quivered)
Armour
 c - a +0 helmet (worn)
 j - a +0 scale mail of fire resistance (worn)
Scrolls
 e - a scroll of teleportation {unknown}
 f - 2 scrolls of identify {unknown}
 h - a scroll of blinking {unknown}
 i - a scroll of immolation {unknown}
Potions
 b - 3 potions of curing {unknown}


   Skills:
 + Level 2.7 Fighting
 * Level 3.5 Maces & Flails
 - Level 1.7 Throwing
 + Level 1.3 Armour
 * Level 2.9 Dodging


You had 2 spell levels left.
You didn't know any spells.
Your spell library was empty.

Dungeon Overview and Level Annotations

Branches:
Dungeon (2/15)

Altars:

Annotations:
D:3 Ijyb, Terence


Innate Abilities, Weirdness & Mutations

You are resistant to torment.
Your stone body is resilient. (AC +3)
You are immune to poison.
You resist negative energy. (rN+)
You are resistant to electric shocks. (rElec)
You can survive without breathing.
You are immune to petrification.
You are immune to miasma.


Message History

The giant cockroach barely misses you. Terence barely misses you.
The giant cockroach bites you but does no damage.
The goblin hits you but does no damage. Terence barely misses you.
You hit Terence but do no damage.
Terence is almost dead.
The giant cockroach misses you. The goblin closely misses you.
Terence hits you but does no damage.
You closely miss Terence.
Terence is almost dead.
The giant cockroach bites you. Terence hits you but does no damage.
The giant cockroach waves its antennae.
The giant cockroach bites you but does no damage.
You hit Terence but do no damage.
Terence is almost dead.
A quokka comes into view.
The giant cockroach bites you. Terence hits you but does no damage.
The goblin barely misses you.
Ijyb zaps a wand.
The bolt of acid hits you! The acid corrodes you!
You are splashed with acid!
Ouch! That really hurt!
You die...

.......##.##
#.#.#.#r.....
............
######...........
#................
.....#..$$.......
#.............
###!.Bgg......
###.@..#..#
#...@..<.#
.....##......
#....... ......
#......# #####
########


You could see Ijyb, Terence, a quokka (wandering), a giant cockroach and a
goblin.

Vanquished Creatures
  3 dart slugs (D:1)
  An orc (D:2)
  2 giant cockroaches (D:1)
  4 goblins (D:1)
  4 hobgoblins
  10 jackals
  5 kobolds (D:1)
  5 bats (D:1)
  A frilled lizard (D:1)
  3 rats (D:1)
38 creatures vanquished.

Notes
Turn   | Place    | Note
-------+----------+-------------------------------------------
     0 | D:1      | Borgoz the Gargoyle Gladiator began the quest for the Orb.
     0 | D:1      | Reached XP level 1. HP: 12/12 MP: 1/1
   118 | D:1      | Reached XP level 2. HP: 8/18 MP: 2/2
   571 | D:1      | Reached skill level 1 in Armour
   616 | D:1      | Reached XP level 3. HP: 17/22 MP: 3/3
  1276 | D:2      | You fall into a shaft and drop 1 floor!
  1277 | D:3      | Noticed Terence
  1277 | D:3      | Noticed Ijyb
  1290 | D:3      | Splashed by Ijyb's acid

Illustrated notes

Levels and vault maps discovered:
D:1:      dpeg_arrival_connections, layout_loops_corners
D:2:      layout_loops_ring, lemuel_doored_altar
D:3:      layout_rooms, riverfiend_overflow_shadow_ancestor, st_stairs_4,
          serial_park_tiny_pond, wander_ebering_terrifying_dragon_lair,
          uniq_ijyb, uniq_terence

Skill      XL: |  1  2 |
---------------+-------+-----
Armour         | 1 |  1.3
Fighting       | |  2.7
Maces & Flails | |  3.5
Throwing       | |  1.7
Dodging        | |  2.9

Action                   || total
-------------------------++-------
Melee: Flail             ||   129
Armor: Leather armour    ||     2
       Ring mail         ||    62
       Scale mail        ||    29
Dodge: Dodged            ||   108
